 Dungeon Crawl Stone Soup version 0.20.1-1-g8b1a95d (webtiles) character file.

183 wojtek the Grave Robber (level 5, -5/28 HPs)
             Began as a Kobold Necromancer on Dec 23, 2017.
             Killed by divine providence
             ... invoked by an orc priest
              (11 damage)
             ... on level 3 of the Dungeon.
             The game lasted 00:06:40 (4768 turns).

wojtek the Grave Robber (Kobold Necromancer)        Turns: 4768, Time: 00:06:40

Health: -5/28      AC:  3    Str:  5    XL:     5   Next: 94%
Magic:  8/8        EV: 15    Int: 17    God:
Gold:   119        SH:  0    Dex: 16    Spells: 3/8 levels left

rFire    . . .     SeeInvis .   a - +2 dagger (venom)
rCold    . . .     Gourm    .   (shield restricted)
rNeg     . . .     Faith    .   d - +0 robe
rPois    .         Spirit   .   h - +0 helmet
rElec    .         Reflect  .   (no cloak)
rCorr    .         Harm     .   (no gloves)
MR       .....                  (no boots)
Stlth    ++........             (no amulet)
Regen    0.1/turn               (no ring)
MPRegen  0.2/turn               (no ring)

@: lethally poisoned (-5 -> -10), slowed, very slow
A: carnivore 3
a: no special abilities


You were on level 3 of the Dungeon.
You were very full.

You visited 1 branch of the dungeon, and saw 3 of its levels.

You collected 119 gold pieces.

Inventory:

Hand Weapons
 a - a +2 dagger of venom (weapon)
Missiles
 o - a throwing net (quivered)
Armour
 d - a +0 robe (worn)
 h - a +0 helmet (worn)
Jewellery
 f - an uncursed ring of protection from fire {unknown}
Scrolls
 e - 2 scrolls of teleportation {unknown}
 i - 2 scrolls of enchant weapon {unknown}
 j - 3 scrolls of fog {unknown}
 l - 3 scrolls of identify {unknown}
 q - a scroll of blinking {unknown}
 r - a scroll of remove curse {unknown}
Potions
 g - 2 potions of might {unknown}
 k - a potion of ambrosia {unknown}
 m - 2 potions of heal wounds {unknown}
 n - a potion of brilliance {unknown}
Books
 b - a book of Necromancy

   Spells                             Type                      Level
   a - Pain                           Necromancy                   1
   b - Animate Skeleton               Necromancy                   1
   c - Vampiric Draining              Necromancy                   3
   d - Regeneration                   Charms/Necromancy            3
   e - Animate Dead                   Necromancy                   4
   f - Control Undead                 Necromancy                   4
Comestibles
 c - a meat ration
 p - a royal jelly


   Skills:
 - Level 2.4 Dodging
 - Level 2.6 Stealth
 - Level 2.1 Spellcasting
 + Level 6.7 Necromancy


You had 3 spell levels left.
You knew the following spells:

 Your Spells              Type           Power        Failure   Level  Hunger
a - Pain                  Necr           ###.         1%          1    #......
d - Animate Dead          Necr           N/A          12%         4    #####..


Dungeon Overview and Level Annotations

Branches:
Dungeon (3/15)

Altars:
Trog

Annotations:
D:2 Sigmund
D:3 IronRobin's ghost, weakling MiFi


Innate Abilities, Weirdness & Mutations

You are small and have problems with some larger weapons.
You are carnivorous and can eat meat at any time.


Message History

You see here a curare-tipped needle.
You feel sick.
The kobold shoots a curare-tipped needle.
The curare-tipped needle barely misses you.
You enter a teleport trap!
The teleport trap disappears.
Your surroundings suddenly seem different.
A rat, an orc, 2 orc priests and an orc wizard come into view.
You feel sick.
The orc shouts!
The orc priest shouts!
The orc wizard shouts!
You feel sick.
You feel sick.
You feel sick.
The orc wizard begins to cast a cantrip, but forgets the words!
The orc priest mumbles some strange prayers to Beogh against you.
Beogh smites you!
* * * LOW HITPOINT WARNING * * *
The orc hits you but does no damage.
The orc priest calls down the wrath of Beogh upon you.
Beogh smites you!
You die...

#...........# #...........#
#...........# ............#
............# ......oo.r..#
.....
.......o....########.$.....
#........o.........#.......
#.........@........#...bK..
##########.........#.......
....'.........+.....>.
#.##.........###...##
#............W.(._..$
#......########.(..#.
#...........# ##.###.
+#...........+ ..(# #.
.............###..# #.


You could see 2 orc priests, an orc wizard, an orc and a rat.

Vanquished Creatures
  An orc priest (D:1)
  Jessica (D:2)
  Robin (D:2)
  An adder (D:2)
  3 oozes
  3 worms (D:2)
  A dart slug (D:2)
  A leopard gecko (D:1)
  3 orcs (D:1)
  2 ball pythons (D:2)
  4 giant cockroaches (D:1)
  10 goblins
  14 hobgoblins
  2 jackals (D:3)
  2 quokkas (D:2)
  4 bats
  9 frilled lizards
  4 kobolds (D:1)
  7 rats (D:1)
73 creatures vanquished.

Vanquished Creatures (collateral kills)
  An adder (D:2)
  A quokka (D:2)
2 creatures vanquished.

Grand Total: 75 creatures vanquished

Notes
Turn   | Place    | Note
-------+----------+-------------------------------------------
     0 | D:1      | wojtek the Kobold Necromancer began the quest for the Orb.
     0 | D:1      | Reached XP level 1. HP: 10/10 MP: 3/3
   150 | D:1      | Reached XP level 2. HP: 9/15 MP: 1/5
  1357 | D:1      | Reached XP level 3. HP: 16/19 MP: 6/6
  1603 | D:1      | Reached skill level 5 in Necromancy
  2326 | D:1      | Reached XP level 4. HP: 3/24 MP: 1/7
  2972 | D:2      | Noticed Jessica
  2977 | D:2      | Noticed Robin
  2980 | D:2      | Killed Jessica
  2980 | D:2      | Reached skill level 6 in Necromancy
  2980 | D:2      | Reached XP level 5. HP: 22/28 MP: 6/8
  3264 | D:1      | Learned a level 4 spell: Animate Dead
  3396 | D:2      | Killed Robin
  4424 | D:2      | Noticed Sigmund
  4755 | D:3      | Noticed IronRobin's ghost (weakling MiFi)
  4756 | D:3      | Found a bloodstained altar of Trog.
  4768 | D:3      | Killed from afar by an orc priest

Skill      XL: |  1  2  3  4 |
---------------+-------------+-----
Necromancy     | 5 6 |  6.7
Dodging        | |  2.4
Stealth        | |  2.6
Spellcasting   | |  2.1

Action                   |  1- 3 |  4- 6 || total
-------------------------+-------+-------++-------
Melee: Dagger            |    93 |   100 ||   193
 Cast: Pain              |    28 |    20 ||    48
       Animate Dead      |       |     4 ||     4
 Stab: Distracted        |     1 |       ||     1
       Sleeping          |     1 |     2 ||     3
  Eat: Chunk             |    13 |     8 ||    21
Armor: Robe              |    12 |    18 ||    30
Dodge: Dodged            |    70 |   104 ||   174
